 Dungeon Crawl Stone Soup version 0.26.0-15-gc6cd9f700b (webtiles) character file.

Game seed: 6867736256533173161

705 Gauvater the Skirmisher (level 7, -10/57 HPs)
             Began as a Formicid Fighter on Jan 17, 2021.
             Was a Believer of Zin.
             Mangled by an orc warrior
             ... wielding a +0 glaive
              (11 damage)
             ... on level 6 of the Dungeon.
             The game lasted 00:18:39 (6335 turns).

Gauvater the Skirmisher (Formicid Fighter)          Turns: 6335, Time: 00:18:44

Health: -10/57     AC: 11    Str: 23    XL:     7   Next: 99%
Magic:  8/9        EV:  9    Int:  7    God:    Zin [**....]
Gold:   295        SH: 10    Dex: 10    Spells: 6/6 levels left

rFire    + . .     SeeInvis +   a - +0 war axe
rCold    . . .     Faith    .   c - +0 kite shield
rNeg     . . .     Spirit   .   b - +0 scale mail
rPois    .         Reflect  .   (helmet unavailable)
rElec    .         Harm     .   (no cloak)
rCorr    .         Rampage  .   k - +2 pair of gloves
Will     .....                  (no boots)
Stlth    ..........             (no amulet)
HPRegen  0.19/turn              (no ring)
MPRegen  0.11/turn              (no ring)

@: no status effects
A: permanent stasis, dig shafts and tunnels, four strong arms, antennae 3,
rugged brown scales 1, fire resistance 1
a: Dig, Shaft Self, Renounce Religion, Recite, Vitalisation, Donate Gold


You were on level 6 of the Dungeon.
You worshipped Zin.
Zin was pleased with you.
You visited 1 branch of the dungeon, and saw 6 of its levels.
You also visited: Sewer.

You collected 327 gold pieces.
You donated 32 gold pieces to Zin.

Inventory:

Hand Weapons
 a - a +0 war axe (weapon)
 v - a +4 antimagic mace
Missiles
 j - 12 boomerangs (quivered)
 n - 84 arrows
 o - 60 bolts
 t - 2 poisoned darts
Armour
 b - a +0 scale mail (worn)
 c - a +0 kite shield (worn)
 k - a +2 pair of gloves (worn)
Jewellery
 d - a +6 ring of intelligence {unknown}
 m - an uncursed amulet of regeneration {unknown}
 u - an uncursed ring of resist corrosion {unknown}
Wands
 r - a wand of iceblast (13)
Scrolls
 h - 3 scrolls of enchant weapon
 i - a scroll of identify
 q - 2 scrolls of amnesia
 s - a scroll of enchant armour
 y - a scroll of magic mapping
 C - a scroll of fog
Potions
 e - a potion of mutation
 f - a potion of berserk rage
 g - 6 potions of haste {unknown}
 l - a potion of magic
 x - 3 potions of flight
 z - 2 potions of attraction {unknown}
 A - a potion of invisibility {unknown}
 B - 3 potions of curing {unknown}


   Skills:
 * Level 5.4 Fighting
 + Level 5.0 Axes
 + Level 0.2(3.0) Maces & Flails
 + Level 0.5 Throwing
 + Level 4.6 Armour
 + Level 1.7 Dodging
 - Level 0.1 Stealth
 + Level 4.8 Shields
 * Level 2.6 Invocations


You had 6 spell levels left.
You didn't know any spells.
Your spell library contained the following spells:

 Spells                   Type           Power        Failure   Level
 Animate Skeleton         Necr           0%           95%         1
 Pain                     Necr           0%           95%         1
 Vampiric Draining        Necr           0%           100%        3
 Animate Dead             Necr           0%           100%        4
 Agony                    Necr           0%           100%        5


Dungeon Overview and Level Annotations

Branches:
Dungeon (6/15)             Temple (0/1) D:5           Sewer (visited)

Altars:
Nemelex Xobeh
Okawaru
Ru
Xom
Zin


Innate Abilities, Weirdness & Mutations

You cannot be hasted, slowed, berserked, paralysed or teleported.
You can dig through walls and to a lower floor.
Your four strong arms can wield two-handed weapons with a shield.
You have a pair of large antennae on your head. (SInv)
You are partially covered in rugged brown scales. (AC +1, +3% HP)
Your flesh is heat resistant. (rF+)


Message History

The orc wizard hits you but does no damage.
The orc priest closely misses the leopard gecko.
The orc warrior closely misses you.
The orc wizard closely misses the orc wizard.
You slash the orc wizard!
You kill the orc wizard!
The orc priest barely misses the orc warrior.
You block the orc warrior's attack.
Your Axes skill increases to level 5!
It was a potion of berserk rage.
Your stasis prevents you from going berserk.
The orc priest barely misses the orc wizard.
You block the orc wizard's attack. You block the orc warrior's attack.
You barely miss the orc wizard.
The orc wizard is almost dead.
The orc wizard casts a spell at you. The magic dart hits you.
* * * LOW HITPOINT WARNING * * *
The orc warrior hits you from afar with a +0 glaive!
You die...

#..[..###...####
#.....#..........
+.....'..........
..#.....#....>.....
#.......#+#########
.#####..........
#..........
###o.........
#@oZ.).......
###lo........
#..........
#..........
........###
.........#
..........#
#..........#


You could see an orc warrior, an orc priest (confused), an orc wizard
(invisible), a jackal zombie (corona) and a leopard gecko.

Vanquished Creatures
  An ogre (D:4)
  A scorpion (D:4)
  2 orc priests
  4 orc wizards
  3 hounds
  An iguana (D:5)
  A worker ant (D:4)
  A worker ant zombie (D:5)
  Robin (D:4)
  4 gnolls (D:3)
  3 adders
  4 oozes (Sewer)
  An adder skeleton (D:4)
  7 worms
  A dart slug (D:1)
  5 leopard geckos
  15 orcs
  5 ball pythons
  14 bats
  8 giant cockroaches
  11 goblins
  4 hobgoblins
  10 jackals
  A quokka (D:2)
  7 frilled lizards
  A jackal skeleton (D:4)
  8 kobolds
  5 rats
129 creatures vanquished.

Notes
Turn   | Place    | Note
-------+----------+-------------------------------------------
     0 | D:1      | Gauvater the Formicid Fighter began the quest for the Orb.
     0 | D:1      | Reached XP level 1. HP: 18/18 MP: 1/1
   278 | D:1      | Reached XP level 2. HP: 24/24 MP: 2/2
   725 | D:1      | Reached XP level 3. HP: 30/30 MP: 3/3
  1045 | D:2      | Found a sacrificial altar of Ru.
  1668 | D:3      | Found a glowing drain.
  1781 | Sewer    | Entered a sewer
  1786 | Sewer    | Reached XP level 4. HP: 27/37 MP: 4/4
  2894 | Sewer    | Reached XP level 5. HP: 36/42 MP: 5/5
  3416 | D:3      | Reached XP level 6. HP: 8/49 MP: 6/6
  3748 | D:3      | Found a glowing silver altar of Zin.
  3752 | D:3      | Became a worshipper of Zin the Law-Giver
  3752 | D:3      | Reached * piety under Zin
  3880 | D:3      | Found a sparkling altar of Nemelex Xobeh.
  4170 | D:4      | Reached skill level 1 in Dodging
  4369 | D:4      | Reached skill level 1 in Invocations
  4409 | D:4      | Found a shimmering altar of Xom.
  4410 | D:4      | Found a shimmering altar of Xom.
  4421 | D:4      | Found a shimmering altar of Xom.
  4511 | D:4      | Found an iron altar of Okawaru.
  4511 | D:4      | Noticed Robin
  4542 | D:4      | Killed Robin
  4828 | D:4      | Reached XP level 7. HP: 45/55 MP: 8/8
  4950 | D:4      | Reached skill level 5 in Fighting
  5344 | D:5      | Entered Level 5 of the Dungeon
  5369 | D:5      | Found a staircase to the Ecumenical Temple.
  5541 | D:5      | Reached ** piety under Zin
  6326 | D:6      | Gained mutation: You are partially covered in rugged brown
                  | scales. (AC +1, +3% HP) [potion of mutation]
  6326 | D:6      | Gained mutation: Your flesh is heat resistant. (rF+)
                  | [potion of mutation]
  6334 | D:6      | Reached skill level 5 in Axes
  6335 | D:6      | HP: 1/57 [orc wizard/magic dart (4)]
  6335 | D:6      | Mangled by an orc warrior

Illustrated notes

Levels and vault maps discovered:
D:1:      dpeg_arrival_court, layout_basic, serial_forest,
          infiniplex_forest_clump_curved, infiniplex_forest_clump_long,
          infiniplex_forest_clump_long, infiniplex_forest_straight_2,
          infiniplex_forest_end_double, infiniplex_forest_straight_5
D:2:      layout_loops_ring, nicolae_ru_awakened_eye
D:3:      layout_loops_cross, zin_statuary, nemelex_xobeh_ov_fountains_minmay,
          cheibrodos_sewer_entry_drain, chequers_avenue, kennysheep_nondescript,
          grunt_ministairs_7
D:4:      layout_cave_pools, kennysheep_okawaru_gauntlet, xom_redecorated,
          uniq_robin
D:5:      layout_basic, minmay_temple_entry_proselytizer
D:6:      layout_gridville, basic_altar, kb_lookout_dungeons_type, uniq_pikel

Skill      XL: |  1  2  3  4  5  6  7 |
---------------+----------------------+-----
Shields        | 4 |  4.8
Fighting       | 4 5 |  5.4
Axes           | 3 4 5 |  5.0
Armour         | 4 |  4.6
Dodging        | 1 |  1.7
Invocations    | 1 2 |  2.6
Maces & Flails | |  0.2
Throwing       | |  0.5
Stealth        | |  0.1

Action                   |  1- 3 |  4- 6 |  7- 9 || total
-------------------------+-------+-------+-------++-------
Melee: War axe           |   116 |   221 |    79 ||   416
       Mace              |     8 |       |       ||     8
Throw: Boomerang         |     2 |    14 |       ||    16
Invok: Recite            |       |       |     1 ||     1
 Abil: Dig               |     1 |    20 |     1 ||    22
  Use: Scroll            |     5 |     2 |     2 ||     9
       Potion            |       |     4 |     4 ||     8
Armor: Scale mail        |    74 |   165 |    46 ||   285
Dodge: Dodged            |    50 |   105 |    46 ||   201
Block: Kite shield       |    83 |   162 |    46 ||   291
